3AAA
ELLENBURG FIGHTING DACHSUNDS @ NOLENSVILLE KNIGHTS
08/29/2042
 
TOP OF THE 1ST
Ellenburg Fighting Dachsunds batting - Pitching for Nolensville Knights : LHP George Battle
Pitching: LHP George Battle
Batting: RHB Sze Qi 0-0: Ball
1-0: Foul Ball, location: 2F
1-1: Called Strike
1-2: Fly out, F9 (Flyball, 9D, EV 104.4 MPH)
Batting: RHB Jorge Japón 0-0: Ball
1-0: Ball
2-0: Foul Ball, location: 2F
2-1: Foul Ball, location: 2F
2-2: Ball
3-2: SINGLE (Groundball, 56D, EV 97.5 MPH)
Batting: LHB Javier Castro 0-0: Ball
1-0: Ball
2-0: Foul Ball, location: 2F
2-1: Ball
3-1: Foul Ball, location: 2F
3-2: SINGLE (Groundball, 3, EV 88.1 MPH) (infield hit)
Jorge Japón to second
Batting: RHB David Alcabú 0-0: Ball
1-0: Fielders Choice at 2nd, 3-6 (Groundball, 34S, EV 81.2 MPH)
Jorge Japón to third
Batting: LHB Grover Barbaran 0-0: Ball
1-0: Called Strike
1-1: Foul Ball, location: 2F
1-2: Reached on error, E4 (Groundball, 4, EV 77.5 MPH)
Jorge Japón scores
David Alcabú to third
Batting: RHB Jesús Méndez 0-0: Ball
1-0: Foul Ball, location: 2F
1-1: Called Strike
1-2: Ball
2-2: Ball
3-2: Ground out 6-3 (Groundball, 6, EV 90.0 MPH)
Top of the 1st over - 1 run, 2 hits, 1 error, 2 left on base; Ellenburg 1 - Nolensville 0
BOTTOM OF THE 1ST
Nolensville Knights batting - Pitching for Ellenburg Fighting Dachsunds : RHP Jessie Young
Pitching: RHP Jessie Young
Batting: LHB Jorge Mateu 0-0: Ball
1-0: Foul Ball, location: 2F
1-1: Ground out 4-3 (Groundball, 4, EV 108.1 MPH)
Batting: RHB Nick McGhee 0-0: Called Strike
0-1: Fly out, F8 (Flyball, 8RD, EV 93.8 MPH)
Batting: LHB Brian Harmon 0-0: Ball
1-0: Foul Ball, location: 2F
1-1: Foul Ball, location: 2F
1-2: Ball
2-2: Strikes out swinging
Bottom of the 1st over - 0 runs, 0 hits, 0 errors, 0 left on base; Ellenburg 1 - Nolensville 0
TOP OF THE 2ND
Ellenburg Fighting Dachsunds batting - Pitching for Nolensville Knights : LHP George Battle
Batting: LHB Mike Johnstone 0-0: Ball
1-0: Fly out, F8 (Flyball, 78M, EV 87.5 MPH)
Batting: RHB Kent Potter 0-0: SINGLE (Groundball, 6, EV 102.5 MPH) (infield hit)
Batting: LHB Tony Worley 0-0: Ball
1-0: Called Strike
1-1: Ball
2-1: Fly out, F9 (Flyball, 9S, EV 73.1 MPH)
Batting: RHB Sze Qi 0-0: Ball
1-0: Ball
2-0: Called Strike
2-1: Swinging Strike
2-2: Ball
3-2: Foul Ball, location: 2F
3-2: Strikes out swinging
Top of the 2nd over - 0 runs, 1 hit, 0 errors, 1 left on base; Ellenburg 1 - Nolensville 0
BOTTOM OF THE 2ND
Nolensville Knights batting - Pitching for Ellenburg Fighting Dachsunds : RHP Jessie Young
Batting: RHB Omar Luoa 0-0: Ball
1-0: Ground out 5-3 (Groundball, 56S, EV 57.5 MPH)
Batting: LHB Juan Jimínez 0-0: Ball
1-0: Swinging Strike
1-1: Foul Ball, location: 2F
1-2: Fly out, F8 (Line Drive, 8LD, EV 89.4 MPH)
Batting: RHB Dave Maxwell 0-0: Foul Ball, location: 2F
0-1: Foul Ball, location: 2F
0-2: Ball
1-2: Strikes out swinging
Bottom of the 2nd over - 0 runs, 0 hits, 0 errors, 0 left on base; Ellenburg 1 - Nolensville 0
TOP OF THE 3RD
Ellenburg Fighting Dachsunds batting - Pitching for Nolensville Knights : LHP George Battle
Batting: RHB Jorge Japón 0-0: Ball
1-0: Ground out 6-3 (Groundball, 6, EV 102.5 MPH)
Batting: LHB Javier Castro 0-0: Ball
1-0: Foul Ball, location: 2F
1-1: Ball
2-1: Ball
3-1: Called Strike
3-2: Ground out 6-3 (Groundball, 6M, EV 86.9 MPH)
Batting: RHB David Alcabú 0-0: Foul Ball, location: 2F
0-1: Foul Ball, location: 2F
0-2: Ground out 2-3 (Groundball, 2L, EV 75.6 MPH)
Top of the 3rd over - 0 runs, 0 hits, 0 errors, 0 left on base; Ellenburg 1 - Nolensville 0
BOTTOM OF THE 3RD
Nolensville Knights batting - Pitching for Ellenburg Fighting Dachsunds : RHP Jessie Young
Batting: RHB Dale Goodman 0-0: Fly out, F8 (Flyball, 8RM, EV 93.8 MPH)
Batting: RHB Ace Felder 0-0: Swinging Strike
0-1: Called Strike
0-2: Ball
1-2: Strikes out swinging
Batting: RHB Juan Perales 0-0: Ball
1-0: Ball
2-0: Called Strike
2-1: Ground out 6-3 (Groundball, 6, EV 102.5 MPH)
Bottom of the 3rd over - 0 runs, 0 hits, 0 errors, 0 left on base; Ellenburg 1 - Nolensville 0
TOP OF THE 4TH
Ellenburg Fighting Dachsunds batting - Pitching for Nolensville Knights : LHP George Battle
Batting: LHB Grover Barbaran 0-0: Called Strike
0-1: Foul Ball, location: 2F
0-2: Ball
1-2: Fly out, F8 (Flyball, 8RD, EV 84.4 MPH)
Batting: RHB Jesús Méndez 0-0: Ball
1-0: Foul Ball, location: 2F
1-1: SINGLE (Groundball, 6MD, EV 96.9 MPH)
Batting: LHB Mike Johnstone 0-0: Ball
1-0: Grounds into double play, 4-6-3 (Groundball, 4M, EV 108.8 MPH)
Top of the 4th over - 0 runs, 1 hit, 0 errors, 0 left on base; Ellenburg 1 - Nolensville 0
BOTTOM OF THE 4TH
Nolensville Knights batting - Pitching for Ellenburg Fighting Dachsunds : RHP Jessie Young
Batting: LHB Jorge Mateu 0-0: Ball
1-0: Ball
2-0: DOUBLE (Line Drive, 7LM, EV 108.1 MPH)
Batting: RHB Nick McGhee 0-0: Fly out, F3 (Popup, 3F, EV 83.8 MPH)
Batting: LHB Brian Harmon 0-0: Called Strike
0-1: Foul Ball, location: 2F
0-2: Foul Ball, location: 2F
0-2: Ball
1-2: Foul Ball, location: 2F
1-2: Ball
2-2: Ball
3-2: 2-RUN HOME RUN (Flyball, 9D, EV 97.5 MPH), Distance : 381 ft
Batting: RHB Omar Luoa 0-0: Ball
1-0: Ball
2-0: Foul Ball, location: 2F
2-1: Ground out 6-3 (Groundball, 6, EV 104.4 MPH)
Batting: LHB Juan Jimínez 0-0: Called Strike
0-1: Ball
1-1: Ball
2-1: Foul Ball, location: 2F
2-2: Ball
3-2: Fly out, F7 (Flyball, 7S, EV 87.5 MPH)
Bottom of the 4th over - 2 runs, 2 hits, 0 errors, 0 left on base; Ellenburg 1 - Nolensville 2
TOP OF THE 5TH
Ellenburg Fighting Dachsunds batting - Pitching for Nolensville Knights : LHP George Battle
Batting: RHB Kent Potter 0-0: Foul Ball, location: 2F
0-1: Foul Ball, location: 2F
0-2: Ball
1-2: Ball
2-2: Fly out, F4 (Popup, 34S, EV 84.4 MPH)
Batting: LHB Tony Worley 0-0: Ball
1-0: Ball
2-0: Foul Ball, location: 2F
2-1: Ball
3-1: Base on Balls
Batting: RHB Sze Qi 0-0: Ball
1-0: Called Strike
1-1: SINGLE (Groundball, 56D, EV 98.1 MPH)
Tony Worley to second
Batting: RHB Jorge Japón 0-0: Called Strike
Tony Worley steals 3rd base
Sze Qi to second
0-1: Ball
1-1: Swinging Strike
1-2: Foul Ball, location: 2F
1-2: SINGLE (Flyball, 89M, EV 91.9 MPH)
Tony Worley scores
Sze Qi to third
Batting: LHB Javier Castro 0-0: Ball
1-0: Called Strike
1-1: Ball
2-1: Foul Ball, location: 2F
2-2: Ball
3-2: Fly out, F9 (Flyball, 9, EV 83.1 MPH)
Batting: RHB David Alcabú 0-0: Called Strike
0-1: Ball
1-1: Swinging Strike
1-2: Ball
2-2: Foul Ball, location: 2F
2-2: DOUBLE (Line Drive, 9LD, EV 101.9 MPH)
Sze Qi scores
Jorge Japón to third
Batting: LHB Grover Barbaran 0-0: Called Strike
0-1: Ball
1-1: Ground out 4-3 (Groundball, 34, EV 87.5 MPH)
Top of the 5th over - 2 runs, 3 hits, 0 errors, 2 left on base; Ellenburg 3 - Nolensville 2
BOTTOM OF THE 5TH
Nolensville Knights batting - Pitching for Ellenburg Fighting Dachsunds : RHP Jessie Young
Batting: RHB Dave Maxwell 0-0: Called Strike
0-1: Foul Ball, location: 2F
0-2: Ground out U3 (Groundball, 34, EV 91.2 MPH)
Batting: RHB Dale Goodman 0-0: Called Strike
0-1: Foul Ball, location: 2F
0-2: Ball
1-2: Foul Ball, location: 2F
1-2: Ball
2-2: Ground out 6-3 (Groundball, 6S, EV 79.4 MPH)
Batting: RHB Ace Felder 0-0: Foul Ball, location: 2F
0-1: Called Strike
0-2: Foul Ball, location: 2F
0-2: Strikes out looking
Bottom of the 5th over - 0 runs, 0 hits, 0 errors, 0 left on base; Ellenburg 3 - Nolensville 2
TOP OF THE 6TH
Ellenburg Fighting Dachsunds batting - Pitching for Nolensville Knights : LHP George Battle
Batting: RHB Jesús Méndez 0-0: Ball
1-0: Ball
2-0: Swinging Strike
2-1: SINGLE (Groundball, 6, EV 98.1 MPH) (infield hit)
Batting: LHB Mike Johnstone 0-0: Called Strike
0-1: Ball
1-1: Ball
2-1: Foul Ball, location: 2F
2-2: Foul Ball, location: 2F
2-2: 2-RUN HOME RUN (Flyball, 9D, EV 101.2 MPH), Distance : 409 ft
Pitching: LHP Ken French
Batting: RHB Kent Potter 0-0: Ball
1-0: Ball
2-0: Swinging Strike
2-1: Called Strike
2-2: Strikes out swinging
Batting: LHB Tony Worley 0-0: Ball
1-0: Ball
2-0: Fly out, F7 (Flyball, 78M, EV 91.2 MPH)
Batting: RHB Sze Qi 0-0: Foul Ball, location: 2F
0-1: Fly out, F4 (Popup, 4MD, EV 46.2 MPH)
Top of the 6th over - 2 runs, 2 hits, 0 errors, 0 left on base; Ellenburg 5 - Nolensville 2
BOTTOM OF THE 6TH
Nolensville Knights batting - Pitching for Ellenburg Fighting Dachsunds : RHP Jessie Young
Batting: RHB Juan Perales 0-0: Ball
1-0: Ball
2-0: Foul Ball, location: 2F
2-1: Ground out 6-3 (Groundball, 6, EV 98.8 MPH)
Batting: LHB Jorge Mateu 0-0: Ball
1-0: Fly out, F7 (Line Drive, 7, EV 93.1 MPH)
Batting: RHB Nick McGhee 0-0: Ball
1-0: DOUBLE (Groundball, 5L, EV 94.4 MPH)
Batting: LHB Brian Harmon 0-0: Foul Ball, location: 2F
0-1: Called Strike
0-2: Strikes out looking
Bottom of the 6th over - 0 runs, 1 hit, 0 errors, 1 left on base; Ellenburg 5 - Nolensville 2
TOP OF THE 7TH
Ellenburg Fighting Dachsunds batting - Pitching for Nolensville Knights : LHP Ken French
Batting: RHB Jorge Japón 0-0: Ball
1-0: Called Strike
1-1: Swinging Strike
1-2: SINGLE (Line Drive, 89S, EV 98.1 MPH)
Batting: LHB Javier Castro 0-0: Ball
1-0: SINGLE (Line Drive, 89S, EV 103.8 MPH)
Jorge Japón to second
Batting: RHB David Alcabú 0-0: Ball
1-0: Foul Ball, location: 2F
1-1: Called Strike
1-2: Foul Ball, location: 2F
1-2: SINGLE (Groundball, 56D, EV 102.5 MPH)
Jorge Japón to third
Javier Castro to second
Runner from 3rd tries for Home, SAFE, throw by LF to home
Batting: LHB Grover Barbaran 0-0: Ball
1-0: SINGLE (Line Drive, 4M, EV 94.4 MPH)
Javier Castro to third
David Alcabú to second
Runner from 3rd tries for Home, SAFE, throw by CF to home
Batting: RHB Jesús Méndez 0-0: Sac Bunt to 13 - play at first, batter OUT! 1-3
David Alcabú to third
Grover Barbaran to second
Batting: LHB Mike Johnstone 0-0: Ball
1-0: Foul Ball, location: 2F
1-1: Foul Ball, location: 2F
1-2: Fly out, F5 (Popup, 56, EV 78.1 MPH)
Batting: RHB Kent Potter 0-0: Ball
1-0: SINGLE (Groundball, 6MD, EV 109.4 MPH)
David Alcabú scores
Grover Barbaran to third
Runner from 3rd tries for Home, SAFE, throw by CF to home
Batting: LHB Tony Worley 0-0: Ball
1-0: Ground out 2-3 (Groundball, 15S, EV 66.2 MPH)
Top of the 7th over - 4 runs, 5 hits, 0 errors, 1 left on base; Ellenburg 9 - Nolensville 2
BOTTOM OF THE 7TH
Nolensville Knights batting - Pitching for Ellenburg Fighting Dachsunds : RHP Jessie Young
Pinch Hitting: LHB Brenton Winston 0-0: Called Strike
0-1: Swinging Strike
0-2: Ground out U3 (Groundball, 3L, EV 104.4 MPH)
Batting: LHB Juan Jimínez 0-0: Ground out 5-3 (Groundball, 5, EV 83.1 MPH)
Pinch Hitting: RHB José García 0-0: Swinging Strike
0-1: Ball
1-1: Ground out 6-3 (Groundball, 6S, EV 67.5 MPH)
Bottom of the 7th over - 0 runs, 0 hits, 0 errors, 0 left on base; Ellenburg 9 - Nolensville 2
TOP OF THE 8TH
Ellenburg Fighting Dachsunds batting - Pitching for Nolensville Knights : LHP Ken French
Now at 1B: Richard Theunen
Now in RF: Brenton Winston
Pinch Hitting: RHB Alexander Conley 0-0: Ball
1-0: Called Strike
1-1: Foul Ball, location: 2F
1-2: Ball
2-2: Ball
3-2: Foul Ball, location: 2F
3-2: Foul Ball, location: 2F
3-2: Foul Ball, location: 2F
3-2: Fly out, F8 (Line Drive, 8LM, EV 91.9 MPH)
Batting: RHB Jorge Japón 0-0: Ball
1-0: Ball
2-0: Ball
3-0: Base on Balls
Batting: LHB Javier Castro 0-0: DOUBLE (Flyball, 8RXD, EV 103.8 MPH)
Jorge Japón to third
Pinch Hitting: RHB Zhen-bang Kwan 0-0: Foul Ball, location: 2F
0-1: Ball
1-1: Ball
2-1: SINGLE (Line Drive, 7LS, EV 110.6 MPH)
Jorge Japón scores
Javier Castro to third
Batting: LHB Grover Barbaran 0-0: Foul Ball, location: 2F
0-1: Ball
1-1: Foul Ball, location: 2F
1-2: Ball
2-2: Foul Ball, location: 2F
2-2: Ball
3-2: Strikes out swinging
Batting: RHB Jesús Méndez 0-0: Foul Ball, location: 2F
0-1: Foul Ball, location: 2F
0-2: Ball
1-2: Ground out 3-1 (Groundball, 34, EV 81.9 MPH)
Top of the 8th over - 1 run, 2 hits, 0 errors, 2 left on base; Ellenburg 10 - Nolensville 2
BOTTOM OF THE 8TH
Nolensville Knights batting - Pitching for Ellenburg Fighting Dachsunds : RHP Jessie Young
Now at 2B: Zhen-bang Kwan
Now at 3B: Alexander Conley
Pinch Hitting: LHB Mitchell Pate 0-0: Called Strike
0-1: Foul Ball, location: 2F
0-2: Foul Ball, location: 2F
0-2: Foul Ball, location: 2F
0-2: Ball
1-2: Ball
2-2: Ball
3-2: Ground out 6-3 (Groundball, 6S, EV 60.6 MPH)
Batting: RHB Ace Felder 0-0: DOUBLE (Line Drive, 78XD, EV 111.9 MPH)
Batting: RHB Juan Perales 0-0: Ground out 4-3 (Groundball, 34, EV 83.8 MPH)
Ace Felder to third
Batting: LHB Jorge Mateu 0-0: Ball
1-0: Foul Ball, location: 2F
1-1: Ball
2-1: Foul Ball, location: 2F
2-2: Ball
3-2: Base on Balls
Pitching: RHP Joe Gorman
Batting: RHB Nick McGhee 0-0: Called Strike
0-1: Ball
Wild Pitch!
Ace Felder scores
Jorge Mateu to second
1-1: Swinging Strike
1-2: Foul Ball, location: 2F
1-2: Ball
2-2: Strikes out looking
Bottom of the 8th over - 1 run, 1 hit, 0 errors, 1 left on base; Ellenburg 10 - Nolensville 3
TOP OF THE 9TH
Ellenburg Fighting Dachsunds batting - Pitching for Nolensville Knights : LHP Ken French
Pitching: LHP Hank Lynn
Now in LF: Mitchell Pate
Pinch Hitting: LHB Bill O'Halloran 0-0: Foul Ball, location: 2F
0-1: Ball
1-1: DOUBLE (Line Drive, 9LM, EV 101.2 MPH)
Batting: RHB Kent Potter 0-0: Fly out, F2 (Popup, 3SF, EV 74.4 MPH)
Batting: LHB Tony Worley 0-0: Ball
1-0: Ball
2-0: SINGLE (Groundball, 34D, EV 100.6 MPH)
Bill O'Halloran to third
Batting: RHB Alexander Conley 0-0: Ball
1-0: Ball
2-0: Fielders Choice at 2nd, 5-4 (Groundball, 56S, EV 80.0 MPH)
Bill O'Halloran scores
Batting: RHB Jorge Japón 0-0: Ball
1-0: Called Strike
1-1: Ball
2-1: Swinging Strike
2-2: Strikes out looking
Top of the 9th over - 1 run, 2 hits, 0 errors, 1 left on base; Ellenburg 11 - Nolensville 3
BOTTOM OF THE 9TH
Nolensville Knights batting - Pitching for Ellenburg Fighting Dachsunds : RHP Joe Gorman
Now in RF: Joseph Wallace
Batting: LHB Brian Harmon 0-0: Ball
1-0: Foul Ball, location: 2F
1-1: Ball
2-1: Ball
3-1: Swinging Strike
3-2: Fly out, F8 (Flyball, 8LM, EV 83.8 MPH)
Pinch Hitting: LHB António Escobeda 0-0: Ball
1-0: Foul Ball, location: 2F
1-1: Ball
2-1: Foul Ball, location: 2F
2-2: Ball
3-2: SINGLE (Flyball, 78M, EV 85.6 MPH)
Batting: LHB Juan Jimínez 0-0: Fly out, F5 (Popup, 25F, EV 75.6 MPH)
Batting: RHB Richard Theunen 0-0: Called Strike
0-1: Ball
1-1: Foul Ball, location: 2F
1-2: Fly out, F7 (Flyball, 78D, EV 109.4 MPH)
Bottom of the 9th over - 0 runs, 1 hit, 0 errors, 1 left on base; Ellenburg 11 - Nolensville 3
Friday, March 26th, 2021 - OOTP Baseball 20.8 Build 74